 Dungeon Crawl Stone Soup version 0.23.0 (webtiles) character file.

Game seed: 10363415729017000738

438634 Faca the Warrior (level 24, 0/164 HPs)
             Began as a Gargoyle Fighter on Feb 16, 2019.
             Was the Champion of Okawaru.
             Splashed by a deep elf sorcerer's acid (15 damage)
             ... on level 3 of the Elven Halls.
             The game lasted 02:48:41 (51290 turns).

Faca the Warrior (Gargoyle Fighter)                Turns: 51290, Time: 02:48:41

Health: 0/164      AC: 51    Str: 29    XL:     24   Next: 6%
Magic:  30/30      EV: 14    Int: 17    God:    Okawaru [******]
Gold:   3915       SH: 21    Dex: 17    Spells: 23/23 levels left

rFire    + + +     SeeInvis +   Q - +8 whip "Snakebite" {curare, rPois}
rCold    . . .     Gourm    .   c - +0 shield
rNeg     + . .     Faith    .   M - +10 plate armour of Philately {rF++ MR+ Dex-5 SInv}
rPois    ∞         Spirit   .   s - +1 helmet of Midsummer {Int+3 Dex+6}
rElec    +         Reflect  +   E - +2 cloak {rF+}
rCorr    .         Harm     .   a - +2 pair of gloves
MR       ++...                  j - +0 pair of boots {run}
Stlth    ..........             S - +4 amulet of reflection
HPRegen  0.37/turn              v - ring of Vemik {rF+ Slay+4}
MPRegen  0.22/turn              D - ring "Abytauz" {Int+5 Dex+4}

@: corroded, quick
A: big wings, negative energy resistance 1, electricity resistance, unbreathing,
petrification resistance, rot immunity, AC +18
}: 2/15 runes: serpentine, barnacled
a: Fly, Heroism, Finesse, Renounce Religion


You were on level 3 of the Elven Halls.
You worshipped Okawaru.
Okawaru was exalted by your worship.
You were not hungry.

You visited 8 branches of the dungeon, and saw 39 of its levels.
You also visited: Gauntlet, Ice Cave and Volcano.

You collected 4413 gold pieces.
You spent 498 gold pieces at shops.

Inventory:

Hand Weapons
 b - a +2 eveningstar of draining
 F - the +7 morningstar "Ilur" {flame, *Corrode rF+++ rC++ Stlth+}
   (Okawaru gifted it to you on level 9 of the Dungeon)

   It has been specially enchanted to burn those struck by it, causing extra
   injury to most foes and up to half again as much damage against particularly
   susceptible opponents.
   It renders you almost immune to fire.
   It greatly protects you from cold.
   It may corrode you when you take damage.
   It makes you more stealthy.
 Q - the +8 whip "Snakebite" (weapon) {curare, rPois}
   (You found it on level 1 of the Lair of Beasts)

   It poisons the flesh of those it strikes.
   It protects you from poison.
 R - a +2 vampiric demon whip
Missiles
 e - 2 silver javelins
 m - 15 javelins of returning
 t - 8 steel javelins
 x - 9 throwing nets (quivered)
 y - 7 javelins of penetration
 C - 76 javelins
Armour
 a - a +2 pair of gloves (worn)
 c - a +0 shield (worn)
 j - a +0 pair of boots of running (worn)
 s - the +1 helmet of Midsummer (worn) {Int+3 Dex+6}
   (Okawaru gifted it to you on level 15 of the Dungeon)

   It affects your intelligence (+3).
   It affects your dexterity (+6).
 E - a +2 cloak of fire resistance (worn)
 M - the +10 plate armour of Philately (worn) {rF++ MR+ Dex-5 SInv}
   (You found it in an ice cave)

   It affects your dexterity (-5).
   It greatly protects you from fire.
   It affects your resistance to hostile enchantments.
   It lets you see invisible.
 U - a +0 large shield of reflection
Jewellery
 v - the ring of Vemik (left hand) {rF+ Slay+4}
   (You found it on level 6 of the Dungeon)

   [ring of slaying]

   It affects your accuracy and damage with ranged weapons and melee attacks
   (+4).
   It protects you from fire.
 w - the ring "Rirghaqaonn" {-Tele rN+ MR+ Slay+2}
   (You found it in a Gauntlet)

   [ring of protection from magic]

   It affects your accuracy and damage with ranged weapons and melee attacks
   (+2).
   It protects you from negative energy.
   It affects your resistance to hostile enchantments.
   It prevents most forms of teleportation.
 D - the ring "Abytauz" (right hand) {Int+5 Dex+4}
   (You took it off a yaktaur captain on level 2 of the Vaults)

   [ring of intelligence]

   It affects your intelligence (+5).
   It affects your dexterity (+4).
 S - a +4 amulet of reflection (around neck)
Wands
 V - a wand of digging (4)
Scrolls
 g - 5 scrolls of fog
 k - 26 scrolls of teleportation
 B - 4 scrolls of enchant weapon
 H - 3 scrolls of blinking
 I - 19 scrolls of remove curse
 J - 7 scrolls of enchant armour
 K - 8 scrolls of magic mapping
 L - 8 scrolls of identify
 O - 5 scrolls of fear
Potions
 h - 2 potions of ambrosia
 i - 12 potions of curing
 l - 7 potions of agility
 n - 7 potions of resistance
 o - 11 potions of lignification
 p - 2 potions of cancellation
 q - 4 potions of heal wounds
 r - 6 potions of berserk rage
 u - 4 potions of might
 z - 5 potions of brilliance
 A - 2 potions of mutation
 N - 5 potions of haste
 P - 2 potions of invisibility
Comestibles
 f - 75 rations


   Skills:
 - Level 20.7 Fighting
 - Level 17.3 Maces & Flails
 + Level 10.4 Throwing
 + Level 19.7 Armour
 + Level 8.4 Dodging
 + Level 19.7 Shields
 - Level 10.0 Invocations


You had 23 spell levels left.
You didn't know any spells.
Your spell library contained the following spells:

 Spells                   Type           Power        Failure   Level  Hunger
 Animate Skeleton         Necr           N/A          71%         1    ##.....
 Beastly Appendage        Tmut           #.....       71%         1    ##.....
 Confusing Touch          Hex            #.....       71%         1    ##.....
 Corona                   Hex            #......      71%         1    ##.....
 Pain                     Necr           #...         71%         1    ##.....
 Shock                    Conj/Air       #...         71%         1    ##.....
 Sting                    Conj/Pois      #...         71%         1    ##.....
 Summon Small Mammal      Summ           #...         71%         1    ##.....
 Call Imp                 Summ           #.......     83%         2    ###....
 Poisonous Vapours        Pois/Air       #.....       83%         2    ###....
 Slow                     Hex            #.......     83%         2    ###....
 Sticks to Snakes         Tmut           #.......     83%         2    ###....
 Throw Flame              Conj/Fire      #.....       83%         2    ###....
 Call Canine Familiar     Summ           #.......     97%         3    ####...
 Confuse                  Hex            #.......     97%         3    ####...
 Conjure Flame            Conj/Fire      #.......     97%         3    ####...
 Dazzling Spray           Conj/Hex       #.....       97%         3    ####...
 Gell's Gravitas          Tloc           #.........   97%         3    ####...
 Ignite Poison            Fire/Tmut/Pois #.......     97%         3    ####...
 Inner Flame              Hex/Fire       #.......     97%         3    ####...
 Mephitic Cloud           Conj/Pois/Air  #.......     97%         3    ####...
 Portal Projectile        Hex/Tloc       #.....       97%         3    ####...
 Regeneration             Chrm/Necr      #.........   97%         3    ####...
 Spider Form              Tmut/Pois      #.........   97%         3    ####...
 Summon Guardian Golem    Hex/Summ       #.......     97%         3    ####...
 Vampiric Draining        Necr           #.........   97%         3    ####...
 Animate Dead             Necr           N/A          100%        4    #####..
 Cause Fear               Hex            #.........   100%        4    #####..
 Force Lance              Conj/Tloc      #.......     100%        4    #####..
 Ice Form                 Ice/Tmut       #.......     100%        4    #####..
 Leda's Liquefaction      Hex/Erth       #.........   100%        4    #####..
 Olgreb's Toxic Radiance  Pois           #.......     100%        4    #####..
 Petrify                  Tmut/Erth      #.......     100%        4    #####..
 Summon Ice Beast         Ice/Summ       #.......     100%        4    #####..
 Summon Lightning Spire   Summ/Air       #.......     100%        4    #####..
 Alistair's Intoxication  Tmut/Pois      #.......     100%        5    ######.
 Blade Hands              Tmut           #.........   100%        5    ######.
 Bolt of Magma            Conj/Fire/Erth #.........   100%        5    ######.
 Fireball                 Conj/Fire      #.........   100%        5    ######.
 Irradiate                Conj/Tmut      #.........   100%        5    ######.
 Iskenderun's Battlesphe  Conj/Chrm      #.......     100%        5    ######.
 Metabolic Englaciation   Hex/Ice        #.........   100%        5    ######.
 Silence                  Hex/Air        #.........   100%        5    ######.
 Summon Mana Viper        Hex/Summ       #.......     100%        5    ######.
 Venom Bolt               Conj/Pois      #.........   100%        5    ######.
 Yara's Violent Unravell  Hex/Tmut       #.........   100%        5    ######.
 Conjure Ball Lightning   Conj/Air       #.........   100%        6    #######
 Darkness                 Hex            #.........   100%        6    #######
 Deflect Missiles         Chrm/Air       #.........   100%        6    #######
 Freezing Cloud           Conj/Ice/Air   #.........   100%        6    #######
 Iron Shot                Conj/Erth      #.........   100%        6    #######
 Malign Gateway           Summ/Tloc      #.........   100%        7    #######
 Monstrous Menagerie      Summ           #.........   100%        7    #######
 Orb of Destruction       Conj           #.........   100%        7    #######
 Ring of Flames           Chrm/Fire      #.........   100%        7    #######
 Spellforged Servitor     Conj/Summ      #.........   100%        7    #######
 Summon Greater Demon     Summ           #.........   100%        7    #######
 Discord                  Hex            #.........   100%        8    #######
 Summon Horrible Things   Summ           #.........   100%        8    #######
 Sublimation of Blood     Necr           Unusable     N/A         2    N/A

Dungeon Overview and Level Annotations

Branches:
Dungeon (15/15)            Temple (1/1) D:5            Lair (6/6) D:10
 Shoals (4/4) Lair:4        Snake (4/4) Lair:2        Slime (0/5) Lair:6
    Orc (2/2) D:9             Elf (3/3) Orc:2        Vaults (4/5) D:14
  Crypt (0/3) Vaults:3     Depths (0/5) D:15

Altars:
Ashenzari
Cheibriados
Dithmenos
Elyvilon
Fedhas
Gozag
Hepliaklqana
Kikubaaqudgha
Makhleb
Nemelex Xobeh
Okawaru
Qazlal
Ru
Sif Muna
Trog
Uskayaw
Vehumet
Wu Jian
Xom
Yredelemnul
Zin
The Shining One
Beogh

Shops:
D:4 %   D:7 *   D:12 (**   Orc:1 *   Orc:2 !}??   Elf:2 [   Shoals:2 (
Snake:4 }   Vaults:1 :   Vaults:2 [

Portals:
Trove: D:14 (give +4 shadow dragon scales)

Annotations:
Shoals:1 exclusion: Roxanne, Roxanne
Vaults:4 3 runed translucent doors, AgonHex's ghost, veteran HOFi


Innate Abilities, Weirdness & Mutations

You are resistant to torment.
Your stone body is resilient. (AC +18)
You are immune to poison.
Your large and strong wings let you fly indefinitely.
You resist negative energy. (rN+)
You are resistant to electric shocks. (rElec)
You can survive without breathing.
You are immune to petrification.
You are immune to rotting.


Message History

The deep elf mage blinks!
You block the deep elf mage's attack.
You block the deep elf sorcerer's attack.
Some walls begin to move on their own!
You hear a shout! x7
There is an open door here.
Some walls begin to move on their own!
You hear a shout! x2
There is an open door here.
The deep elf sorcerer's eyes start to glow.
The deep elf sorcerer gestures at you while chanting.
The bolt of acid hits you!!
* * * LOW HITPOINT WARNING * * *
You are splashed with acid!
* * * LOW HITPOINT WARNING * * *
The deep elf sorcerer points at you and mumbles some strange words.
The bolt of acid hits you!!
* * * LOW HITPOINT WARNING * * *
You are splashed with acid!
You die...

##e.........)#
#.eEE......).#
#eeE.........#
#######'..........'###
#.....e###.......##'..
##.....##
##[....####..
#.....e.# ###'### #...
#.......# #.# #.).
#.....@.# #.# #...
##....(## #.# ##..
#.....'## #.# #..
####'##.## #.# ###
#.###.####'### # #.#
##'#.....## # #.#
##)))....## # #.#
##..)......## # #.#
#...........# #


You could see a deep elf blademaster and a deep elf sorcerer.

Vanquished Creatures
  Vashnia (Snake:4)
  Nikola (Snake:4)
  A sphinx (Vaults:4)
  Agnes (D:14)
  Gastronok (Lair:1)
  2 tengu reavers
  6 nagarajas
  Ilsuiw (Shoals:3)
  Kirke (D:14)
  An azure jelly (shapeshifter) (Gauntlet)
  3 fire giants
  9 vault wardens
  4 frost giants
  5 deep elf sorcerers
  2 orc warlords
  Louise (Snake:4)
  2 deep elf elementalists
  9 ironheart preservers
  7 very ugly things
  A vampire knight (Vaults:3)
  2 entropy weavers
  7 stone giants
  A deep elf demonologist (Elf:1)
  A dire elephant (Lair:6)
  A minotaur (Gauntlet)
  The ghost of Arex the Fighter, a journeyman MiBe of Trog (D:12)
  3 deep elf annihilators
  An eidolon (Vaults:3)
  2 merfolk javelineers (Shoals:4)
  An ettin (Vaults:4)
  7 merfolk impalers
  4 deep elf death magi
  2 fire dragons
  The ghost of mhtbhm the Cleaver, a journeyman MiBe of Trog (Orc:2)
  12 ogre magi
  7 yaktaur captains
  Harold (D:7)
  A deep elf high priest (Elf:3)
  2 ice dragons
  A vault guard (Vaults:1)
  3 centaur warriors
  21 naga warriors
  2 rakshasas
  2 catoblepae
  8 hydras
  8 anacondas
  2 alligator snapping turtles
  8 merfolk avatars
  A two-headed ogre (shapeshifter) (Vaults:3)
  2 death knights
  38 two-headed ogres
  25 dancing weapons
  4 death yaks
  A vampire mage (Vaults:3)
  A satyr (Shoals:3)
  8 merfolk aquamancers
  A tengu warrior (D:14)
  17 naga sharpshooters
  10 shock serpents
  3 orc high priests
  Sonja (Lair:2)
  Urug (Orc:1)
  Nergalle (Lair:2)
  23 deep elf knights
  A shadow wraith (Vaults:1)
  A fire crab (shapeshifter) (Elf:2)
  2 salamander mystics (Snake:4)
  11 sea snakes
  2 unseen horrors
  A hell knight (Volcano)
  A lindwurm (Lair:6)
  A flayed ghost (Vaults:3)
  3 wizards
  A glowing orange brain (Vaults:3)
  21 deep elf archers
  4 deep trolls
  6 naga ritualists
  An orange crystal statue (D:11)
  2 wolf spider zombies
  A harpy (shapeshifter) (Vaults:3)
  9 ironbrand convokers
  33 harpies
  A phantasmal warrior (Vaults:3)
  23 orc knights
  Pikel (D:5)
  72 deep elf magi
  A necromancer (IceCv)
  4 wolf spiders
  9 mana vipers
  28 ugly things
  11 fauns
  14 cyclopes
  9 salamanders
  14 manticores
  8 orc sorcerers
  11 elephants
  A guardian serpent (shapeshifter) (Vaults:1)
  A moth of wrath (Gauntlet)
  Joseph (D:7)
  3 guardian serpents
  A moth of wrath (shapeshifter) (Vaults:4)
  6 merfolk sirens
  8 vault sentinels
  Maurice (D:9)
  10 water nymphs
  36 naga magi
  3 ice statues (IceCv)
  Psyche (D:9)
  4 centaur skeletons
  A gargoyle (D:14)
  45 black mambas
  9 spiny frogs
  2 rime drakes (Lair:6)
  29 yaktaurs
  An anaconda simulacrum (Lair:3)
  2 yaktaurs (shapeshifter)
  3 freezing wraiths
  11 ice devils (IceCv)
  41 merfolk
  A tengu conjurer (D:15)
  3 komodo dragons
  6 trolls
  A merfolk (shapeshifter) (D:15)
  15 polar bears
  A jumping spider (shapeshifter) (Gauntlet)
  8 wind drakes
  14 blink frogs
  A raiju (shapeshifter) (Vaults:1)
  2 hornets
  A raiju (Lair:6)
  12 snapping turtles
  11 hippogriffs
  A blink frog (shapeshifter) (Elf:2)
  22 slime creatures
  20 dream sheep
  Sigmund (D:3)
  A slime creature (shapeshifter) (Gauntlet)
  2 wyverns
  A spriggan (shapeshifter) (D:15)
  3 vampires (D:12)
  19 water elementals
  2 air elementals (Elf:1)
  2 wraiths
  A yak (shapeshifter) (D:15)
  A fire elemental (Elf:2)
  35 yaks
  2 hogs (D:14)
  2 hungry ghosts
  4 basilisks
  A hog (shapeshifter) (D:15)
  3 vampire mosquitoes (D:15)
  Grum (D:8)
  19 wargs
  53 nagas
  5 acid dragons
  22 water moccasins
  A hydra simulacrum (Lair:3)
  4 porcupines
  16 hell hounds (Lair:6)
  13 ice beasts
  A swamp drake (shapeshifter) (Gauntlet)
  60 orc warriors
  4 sky beasts
  A black bear (shapeshifter) (Vaults:3)
  13 black bears
  2 eyes of draining
  A necrophage (D:10)
  26 wolves
  3 phantoms
  8 boggarts
  40 ogres
  5 centaurs
  11 crocodiles
  14 bullfrogs
  A gnoll sergeant (D:9)
  5 earth elementals
  4 scorpions
  13 killer bees
  5 wights (D:13)
  A human simulacrum (Vaults:1)
  6 jellies
  6 electric eels
  A howler monkey (D:11)
  9 crimson imps
  A bullfrog zombie (D:5)
  2 centaur zombies (D:8)
  9 hounds
  2 draconian simulacra (IceCv)
  A komodo dragon simulacrum (Lair:3)
  A wyvern simulacrum (D:9)
  Crazy Yiuf (D:7)
  22 orc priests
  A hound (shapeshifter) (Vaults:2)
  5 bullfrog skeletons
  4 iguanas
  29 orc wizards
  A yak simulacrum (Lair:3)
  7 worker ants
  A spriggan simulacrum (IceCv)
  A troll simulacrum (IceCv)
  2 bullfrog simulacra
  2 centaur simulacra
  A porcupine simulacrum (Lair:3)
  A killer bee simulacrum (D:9)
  A worker ant zombie (D:6)
  2 naga simulacra (IceCv)
  21 adders
  A crocodile simulacrum (Lair:3)
  14 gnolls
  3 ogre simulacra (IceCv)
  A hound simulacrum (D:11)
  2 shadow imps
  12 white imps
  A howler monkey simulacrum (D:9)
  An ufetubus (D:9)
  5 oozes (D:9)
  2 adder skeletons (D:7)
  A worm (D:3)
  An adder simulacrum (D:9)
  6 leopard geckos
  130 orcs
  6 giant cockroaches
  3 goblins
  5 hobgoblins
  7 jackals
  5 kobolds
  5 quokkas
  4 ball pythons
  7 bats
  4 frilled lizards
  A jackal skeleton (D:4)
  A quokka simulacrum (D:9)
  3 rats
  A withered plant (Shoals:3)
1758 creatures vanquished.

Vanquished Creatures (others)
  A merfolk javelineer (Shoals:4)
  A yaktaur captain (Vaults:4)
  A naga warrior (Snake:4)
  2 centaur warriors
  A merfolk aquamancer (Shoals:4)
  2 naga sharpshooters (Snake:4)
  2 deep elf archers
  A deep elf mage (Elf:2)
  A cyclops (D:12)
  A salamander (Snake:4)
  A naga mage (Snake:4)
  6 yaktaurs
  2 nagas
  A slave (D:5)
  An ogre (Vaults:3)
  2 centaurs
  An orc wizard (D:5)
  A white imp (D:9)
  2 orcs
  27 fungi (Lair:6)
  30 plants
87 creatures vanquished.

Grand Total: 1845 creatures vanquished

Notes
Turn   | Place    | Note
-------+----------+-------------------------------------------
     0 | D:1      | Faca the Gargoyle Fighter began the quest for the Orb.
     0 | D:1      | Reached XP level 1. HP: 14/14 MP: 1/1
   219 | D:1      | Reached XP level 2. HP: 19/19 MP: 2/2
   572 | D:2      | Found a faded altar of an unknown god.
   585 | D:2      | Reached XP level 3. HP: 22/24 MP: 3/3
   687 | D:2      | Reached skill level 4 in Fighting
  1211 | D:3      | Noticed Sigmund
  1492 | D:3      | Killed Sigmund
  1492 | D:3      | Reached skill level 5 in Fighting
  1492 | D:3      | Reached XP level 4. HP: 31/31 MP: 4/4
  1492 | D:3      | Reached XP level 5. HP: 35/35 MP: 5/5
  1510 | D:3      | Reached XP level 6. HP: 24/40 MP: 6/6
  2749 | D:3      | Reached skill level 6 in Fighting
  2749 | D:3      | Reached skill level 5 in Maces & Flails
  2941 | D:4      | Reached XP level 7. HP: 30/47 MP: 7/7
  3573 | D:4      | Found Yti Nuo's Food Boutique.
  3638 | D:4      | Found a shadowy altar of Dithmenos.
  3732 | D:4      | Reached skill level 7 in Fighting
  4113 | D:5      | Entered Level 5 of the Dungeon
  4118 | D:5      | Found a staircase to the Ecumenical Temple.
  4138 | Temple   | Entered the Ecumenical Temple
  4224 | Temple   | Became a worshipper of Warmaster Okawaru
  4323 | D:5      | Found a basalt altar of Yredelemnul.
  4591 | D:5      | Reached XP level 8. HP: 51/53 MP: 8/8
  4641 | D:5      | Noticed Pikel
  4705 | D:5      | Killed Pikel
  4705 | D:5      | Reached * piety under Okawaru
  4705 | D:5      | Reached skill level 8 in Fighting
  5722 | D:6      | Got a steaming golden ring
  5729 | D:6      | Identified the ring of Vemik {rF+ Slay+4} (You found it on
                  | level 6 of the Dungeon)
  5776 | D:6      | Reached skill level 9 in Fighting
  5815 | D:6      | Reached XP level 9. HP: 60/60 MP: 9/9
  5879 | D:6      | Reached ** piety under Okawaru
  6282 | D:7      | Noticed Harold
  6443 | D:7      | Killed Harold
  6557 | D:7      | Reached skill level 10 in Fighting
  6732 | D:7      | Reached *** piety under Okawaru
  6732 | D:7      | Reached skill level 5 in Armour
  6732 | D:7      | Reached skill level 5 in Shields
  6830 | D:7      | Found a hide-covered altar of Uskayaw.
  6897 | D:7      | Found Waffept's Assorted Antiques.
  6903 | D:7      | Bought a scroll labeled HUDOGA BUIWUH for 21 gold pieces
  6903 | D:7      | Bought a purple potion for 18 gold pieces
  6903 | D:7      | Bought a copper ring for 105 gold pieces
  7017 | D:7      | Noticed Joseph
  7042 | D:7      | Killed Joseph
  7042 | D:7      | Reached XP level 10. HP: 59/68 MP: 10/10
  7071 | D:7      | Found a runed translucent door.
  7072 | D:7      | Noticed Crazy Yiuf
  7081 | D:7      | Killed Crazy Yiuf
  7354 | D:8      | Found a snail-covered altar of Cheibriados.
  7357 | D:8      | Reached **** piety under Okawaru
  7361 | D:8      | Found a shimmering altar of Xom.
  7367 | D:8      | Found an ancient bone altar of Kikubaaqudgha.
  7447 | D:8      | Noticed Grum
  7558 | D:8      | Killed Grum
  7634 | D:8      | Found a burning altar of Makhleb.
  7945 | D:9      | Noticed Maurice
  7958 | D:9      | Killed Maurice
  8066 | D:9      | Reached skill level 11 in Fighting
  8306 | D:9      | Reached ***** piety under Okawaru
  8310 | D:9      | Reached skill level 10 in Maces & Flails
  8329 | D:9      | Noticed a death yak
  8343 | D:9      | Killed a death yak
  8450 | D:9      | Reached XP level 11. HP: 69/74 MP: 11/11
  8455 | D:9      | Found a staircase to the Orcish Mines.
  8458 | D:9      | Noticed Psyche
  8495 | D:9      | Killed Psyche
  8515 | D:9      | Received a gift from Okawaru
  8534 | D:9      | Got a crystal morningstar {god gift}
  8958 | D:9      | Found a bloodstained altar of Trog.
  9256 | D:9      | Found a deep blue altar of Sif Muna.
  9257 | D:9      | Found a glowing golden altar of the Shining One.
  9257 | D:9      | Found an opulent altar of Gozag.
  9257 | D:9      | Found a white marble altar of Elyvilon.
  9258 | D:9      | Noticed a two-headed ogre
  9269 | D:9      | Killed a two-headed ogre
  9278 | D:9      | Found an ornate altar of the Wu Jian Council.
  9278 | D:9      | Found a shattered altar of Ashenzari.
  9333 | D:10     | Entered Level 10 of the Dungeon
  9430 | D:10     | Received a gift from Okawaru
  9555 | D:10     | Reached skill level 12 in Fighting
  9563 | D:10     | Found a staircase to the Lair.
  9590 | D:10     | Noticed a cyclops
  9591 | D:10     | Noticed a cyclops
  9616 | D:10     | Killed a cyclops
  9625 | D:10     | Killed a cyclops
  9664 | D:10     | Found a large runed translucent door.
  9665 | D:10     | Found a large runed translucent door.
  9743 | D:10     | Identified the +7 morningstar "Ilur" {flame, *Corrode rF+++
                  | rC++ Stlth+} (Okawaru gifted it to you on level 9 of the
                  | Dungeon)
 10258 | D:10     | Noticed a fire giant
 10260 | D:10     | Noticed an ice dragon
 10303 | D:11     | Reached ****** piety under Okawaru
 10303 | D:11     | Reached XP level 12. HP: 45/81 MP: 12/12
 10676 | D:11     | Found a frozen archway.
 10780 | IceCv    | Entered an ice cave
 10907 | IceCv    | Received a gift from Okawaru
 11526 | IceCv    | Reached skill level 10 in Armour
 11526 | IceCv    | Reached skill level 10 in Shields
 11533 | IceCv    | Got a steaming scale mail
 11535 | IceCv    | Got a steaming plate armour
 11538 | IceCv    | Got a transparent ring mail
 11617 | D:11     | Identified the +7 scale mail of Depression {+Blink Dex+4}
                  | (You found it in an ice cave)
 11627 | D:11     | Identified the +1 ring mail "Epep Cott" {rF+ Int+6 Dex-3}
                  | (You found it in an ice cave)
 11660 | D:11     | Identified the +10 plate armour of Philately {rF++ MR+
                  | Dex-5 SInv} (You found it in an ice cave)
 11699 | D:11     | Reached skill level 13 in Fighting
 11732 | D:11     | Found a shattered altar of Ashenzari.
 12143 | Lair:1   | Entered Level 1 of the Lair of Beasts
 12162 | Lair:1   | Found a gate leading to a gauntlet.
 12170 | Gauntlet | Entered a Gauntlet
 12170 | Gauntlet | Found a transporter.
 12170 | Gauntlet | Found a transporter.
 12174 | Gauntlet | Found a transporter.
 12174 | Gauntlet | Found a transporter.
 12193 | Gauntlet | Noticed a great orb of eyes
 12194 | Gauntlet | Found a transporter.
 12195 | Gauntlet | Found a transporter.
 12200 | Gauntlet | Found a large runed translucent door.
 12201 | Gauntlet | Found a large runed translucent door.
 12202 | Gauntlet | Found a large runed translucent door.
 12202 | Gauntlet | Found a large runed translucent door.
 12202 | Gauntlet | Noticed an anaconda
 12202 | Gauntlet | Noticed a hell beast
 12203 | Gauntlet | Found a large runed translucent door.
 12203 | Gauntlet | Found a large runed translucent door.
 12203 | Gauntlet | Found a runed translucent gate.
 12203 | Gauntlet | Found a runed translucent door.
 12203 | Gauntlet | an anaconda changed into a glowing shapeshifter
 12204 | Gauntlet | Found a large runed translucent door.
 12204 | Gauntlet | Found a transporter.
 12204 | Gauntlet | Found a runed translucent gate.
 12204 | Gauntlet | Found a transporter.
 12204 | Gauntlet | Noticed a death ooze
 12205 | Gauntlet | Found a large runed translucent door.
 12205 | Gauntlet | Found a runed translucent gate.
 12205 | Gauntlet | Found a runed translucent door.
 12207 | Gauntlet | Found a transporter.
 12218 | Gauntlet | Found a large runed translucent door.
 12218 | Gauntlet | Found a large runed translucent door.
 12219 | Gauntlet | Found a large runed translucent door.
 12220 | Gauntlet | Found a large runed translucent door.
 12243 | Gauntlet | Found a transporter.
 12263 | Gauntlet | Noticed a soul eater
 12264 | Gauntlet | Found a transporter.
 12304 | Gauntlet | Found a transporter.
 12317 | Gauntlet | Noticed a great orb of eyes
 12318 | Gauntlet | Found a transporter.
 12418 | Gauntlet | Found a transporter.
 12433 | Gauntlet | Found a transporter.
 12447 | Gauntlet | Found a transporter.
 12462 | Gauntlet | Found a large runed translucent door.
 12463 | Gauntlet | Found a large runed translucent door.
 12464 | Gauntlet | Found a large runed translucent door.
 12465 | Gauntlet | Found a large runed translucent door.
 12656 | Gauntlet | Got a twitching glass ring
 12667 | Gauntlet | Reached skill level 1 in Invocations
 12694 | Gauntlet | Noticed a shock serpent
 12694 | Gauntlet | a mana viper changed into a shock serpent
 12696 | Gauntlet | a shock serpent changed into a swamp dragon
 12706 | Gauntlet | Noticed an emperor scorpion
 12706 | Gauntlet | a shining eye changed into an emperor scorpion
 12708 | Gauntlet | Noticed a queen ant
 12708 | Gauntlet | an emperor scorpion changed into a queen ant
 12718 | Gauntlet | Noticed an alligator
 12718 | Gauntlet | a queen ant changed into an alligator
 12719 | Gauntlet | Noticed a queen ant
 12719 | Gauntlet | an alligator changed into a queen ant
 12725 | Gauntlet | Noticed a catoblepas
 12725 | Gauntlet | a queen ant changed into a catoblepas
 12732 | Gauntlet | Noticed an azure jelly
 12732 | Gauntlet | a catoblepas changed into an azure jelly
 12743 | Gauntlet | Killed an azure jelly
 12755 | Gauntlet | Got a scintillating marble ring
 12889 | Gauntlet | Identified the ring "Rumaops" {+Fly Str+4} (You found it in
                  | a Gauntlet)
 12902 | Gauntlet | Identified the ring "Rirghaqaonn" {-Tele rN+ MR+ Slay+2}
                  | (You found it in a Gauntlet)
 12906 | Gauntlet | Noticed a minotaur
 12921 | Gauntlet | Killed a minotaur
 12921 | Gauntlet | Received a gift from Okawaru
 12921 | Gauntlet | Reached XP level 13. HP: 46/88 MP: 14/14
 13109 | Lair:1   | Got a pair of transparent boots
 13115 | Lair:1   | Identified the +1 pair of boots "Vapreb" {SInv} (You
                  | acquired it on level 1 of the Lair of Beasts)
 13154 | Lair:1   | Noticed Gastronok
 13155 | Lair:1   | Received a gift from Okawaru
 13183 | Lair:1   | Killed Gastronok
 13813 | Lair:1   | Found the +8 whip "Snakebite" {curare, rPois}
 14060 | Lair:2   | Noticed Nergalle
 14073 | Lair:2   | Killed Nergalle
 14112 | Lair:2   | Found a staircase to the Snake Pit.
 14238 | Lair:2   | Noticed Sonja
 14251 | Lair:2   | Killed Sonja
 14630 | Lair:2   | Received a gift from Okawaru
 14734 | Lair:2   | Reached skill level 5 in Invocations
 15104 | Lair:3   | Found a dark tunnel.
 15121 | Volcano  | Entered a volcano
 15144 | Volcano  | Noticed an ogre mage
 15155 | Volcano  | Killed an ogre mage
 15184 | Volcano  | Reached skill level 14 in Fighting
 15216 | Volcano  | Gained mutation: Your large and strong wings let you fly
                  | indefinitely. [Gargoyle growth]
 15216 | Volcano  | Reached XP level 14. HP: 96/96 MP: 18/18
 15297 | Lair:3   | Found a transporter.
 15469 | Lair:3   | Found a transporter.
 16558 | Lair:4   | Found a staircase to the Shoals.
 17149 | Lair:6   | Entered Level 6 of the Lair of Beasts
 17279 | Lair:5   | Received a gift from Okawaru
 17513 | Lair:6   | Noticed a dire elephant
 17541 | Lair:6   | Killed a dire elephant
 18588 | Lair:6   | Received a gift from Okawaru
 18840 | Lair:6   | Received a gift from Okawaru
 18847 | Lair:6   | Reached XP level 15. HP: 101/101 MP: 19/21
 18893 | Lair:6   | Found a staircase to the Slime Pits.
 19496 | Lair:6   | Reached skill level 15 in Fighting
 19974 | Orc:1    | Entered Level 1 of the Orcish Mines
 20191 | Orc:1    | Found Elosmy's General Store.
 20227 | Orc:1    | Noticed Urug
 20246 | Orc:1    | Killed Urug
 20248 | Orc:1    | Noticed an orc warlord
 20486 | Orc:1    | Killed an orc warlord
 20486 | Orc:1    | Received a gift from Okawaru
 20671 | Orc:1    | Identified the Handbook of Toxins
 20735 | Orc:2    | Entered Level 2 of the Orcish Mines
 21047 | Orc:2    | Found a runed translucent door.
 21047 | Orc:2    | Found a staircase to the Elven Halls.
 21047 | Orc:2    | Noticed mhtbhm's ghost (journeyman MiBe)
 21081 | Orc:2    | Killed mhtbhm's ghost
 21087 | Orc:2    | Got an ichor-stained mace
 21229 | Orc:2    | Found Fewnoreq's Magic Scroll Boutique.
 21259 | Orc:2    | Bought a scroll of identify for 32 gold pieces
 21259 | Orc:2    | Identified the cursed +1 mace of Wondrous Power {freeze,
                  | rElec Str+5 Dex-2} (You found it on level 2 of the Orcish
                  | Mines)
 21266 | Orc:2    | Found Umemin's Magic Scroll Emporium.
 21432 | Orc:2    | Found a roughly hewn altar of Beogh.
 21457 | Orc:2    | Received a gift from Okawaru
 21545 | Orc:2    | Found Pesileps's Gadget Emporium.
 21545 | Orc:2    | Found Riehirphu's Distillery.
 21554 | Orc:2    | Received a gift from Okawaru
 21783 | Orc:2    | Bought a potion of mutation for 120 gold pieces
 21925 | Orc:2    | Found a roughly hewn altar of Beogh.
 22207 | Snake:1  | Entered Level 1 of the Snake Pit
 23399 | Snake:2  | Reached XP level 16. HP: 98/108 MP: 23/23
 23579 | Snake:2  | Received a gift from Okawaru
 23593 | Snake:2  | Identified a +0 pair of boots of running (Okawaru gifted it
                  | to you on level 2 of the Snake Pit)
 23884 | Snake:2  | Reached skill level 10 in Invocations
 24057 | Snake:2  | Reached skill level 1 in Dodging
 24818 | Snake:3  | Reached skill level 16 in Fighting
 24826 | Snake:3  | Received a gift from Okawaru
 25376 | Snake:3  | Found a glowing silver altar of Zin.
 25541 | Snake:3  | Noticed a nagaraja
 25561 | Snake:3  | Killed a nagaraja
 26230 | Snake:3  | Received a gift from Okawaru
 26231 | Snake:3  | Found the +2 pair of boots of the Assassin {Detection Stab+
                  | Stlth++}
 26357 | Snake:3  | Got a pair of transparent boots {god gift}
 26368 | Snake:3  | Identified the +2 pair of boots of Qoemn {SInv} (Okawaru
                  | gifted it to you on level 3 of the Snake Pit)
 26498 | Snake:3  | Reached XP level 17. HP: 115/115 MP: 24/24
 26525 | Snake:4  | Entered Level 4 of the Snake Pit
 26531 | Snake:4  | Noticed Vashnia
 26772 | Snake:4  | Reached skill level 15 in Maces & Flails
 27559 | Snake:4  | Killed Vashnia
 27729 | Snake:4  | Noticed Nikola
 27775 | Snake:4  | Killed Nikola
 28232 | Snake:4  | Found Tuce Dit's Gadget Shop.
 28309 | Snake:4  | Noticed Louise
 28327 | Snake:4  | Killed Louise
 28632 | Snake:4  | Reached skill level 5 in Dodging
 28635 | Snake:4  | Reached skill level 15 in Armour
 28968 | Snake:4  | Received a gift from Okawaru
 28978 | Snake:4  | Reached skill level 15 in Shields
 29602 | Snake:4  | Received a gift from Okawaru
 29645 | Snake:4  | Reached skill level 17 in Fighting
 29861 | Snake:4  | Reached XP level 18. HP: 85/123 MP: 25/25
 30070 | Snake:4  | Got a serpentine rune of Zot
 30474 | Shoals:1 | Entered Level 1 of the Shoals
 31092 | Shoals:1 | Received a gift from Okawaru
 31372 | Shoals:1 | Received a gift from Okawaru
 31372 | Shoals:1 | Reached skill level 1 in Throwing
 31619 | Shoals:1 | Noticed Roxanne
 32317 | Shoals:2 | Found Vaf Taonu's Weapon Emporium.
 33240 | Shoals:2 | Identified the Disquisition on Hurtful Stolen Souls
 33633 | Shoals:3 | Received a gift from Okawaru
 34251 | Shoals:4 | Entered Level 4 of the Shoals
 34415 | Shoals:4 | Reached XP level 19. HP: 129/129 MP: 26/26
 34450 | Shoals:4 | Noticed Ilsuiw
 34509 | Shoals:3 | Killed Ilsuiw
 35112 | Shoals:4 | Received a gift from Okawaru
 35342 | Shoals:4 | Got a barnacled rune of Zot
 35937 | Shoals:4 | Reached skill level 18 in Fighting
 35937 | Shoals:4 | Reached skill level 5 in Throwing
 36531 | D:10     | Found a basalt altar of Yredelemnul.
 36536 | D:10     | Found a radiant altar of Vehumet.
 36690 | D:12     | Found a runed translucent gate.
 36691 | D:12     | Found a runed translucent gate.
 36692 | D:12     | Found an opulent altar of Gozag.
 36693 | D:12     | Found a runed translucent gate.
 36693 | D:12     | Found Mahorom's Assorted Antiques.
 36693 | D:12     | Noticed Arex's ghost (journeyman MiBe)
 36775 | D:12     | Found Tel Dudoa's Weapon Shop.
 36796 | D:12     | Found Ybbuus's Blood Bar.
 37222 | D:12     | Received a gift from Okawaru
 37235 | D:12     | Killed Arex's ghost
 37402 | D:12     | Bought a scroll of enchant armour for 202 gold pieces
 37785 | D:13     | Identified the Guide on Malediction
 38596 | D:14     | Found a portal to a secret trove of treasure.
 38760 | D:14     | Noticed Kirke
 38781 | D:14     | Killed Kirke
 38781 | D:14     | Received a gift from Okawaru
 38842 | D:14     | Found a stormy altar of Qazlal.
 39363 | D:14     | Found a gate to the Vaults.
 39463 | D:15     | Entered Level 15 of the Dungeon
 39482 | D:15     | Noticed Agnes
 39535 | D:14     | Killed Agnes
 40062 | D:15     | Received a gift from Okawaru
 40069 | D:15     | Reached XP level 20. HP: 137/137 MP: 27/27
 40148 | D:15     | Found a staircase to the Depths.
 40177 | D:15     | Got a jewelled helmet {god gift}
 40178 | D:15     | Identified the +1 helmet of Midsummer {Int+3 Dex+6}
                  | (Okawaru gifted it to you on level 15 of the Dungeon)
 40331 | Vaults:1 | Entered Level 1 of the Vaults
 41334 | Vaults:1 | Found Feixat's Book Shop.
 42072 | Vaults:2 | Found an ornate altar of the Wu Jian Council.
 42503 | Vaults:2 | Received a gift from Okawaru
 42719 | Vaults:2 | Received a gift from Okawaru
 42824 | Vaults:2 | Reached skill level 19 in Fighting
 43115 | Vaults:2 | Found Rubysecy's Armour Shoppe.
 43129 | Vaults:2 | Identified the ring "Abytauz" {Int+5 Dex+4}
 43138 | Vaults:2 | Reached XP level 21. HP: 96/144 MP: 28/28
 43416 | Vaults:2 | Received a gift from Okawaru
 43759 | Vaults:2 | Received a gift from Okawaru
 44270 | Vaults:3 | Received a gift from Okawaru
 44904 | Vaults:3 | Found a staircase to the Crypt.
 46344 | Vaults:4 | Reached skill level 10 in Throwing
 46633 | Vaults:4 | Received a gift from Okawaru
 46633 | Vaults:4 | Reached XP level 22. HP: 152/152 MP: 29/29
 46721 | Vaults:4 | Found a runed translucent gate.
 46721 | Vaults:4 | Found a runed translucent gate.
 46721 | Vaults:4 | Found a runed translucent gate.
 46724 | Vaults:4 | Noticed AgonHex's ghost (veteran HOFi)
 46846 | Vaults:4 | Reached skill level 20 in Fighting
 47818 | Vaults:4 | Got a smoking scale mail
 47819 | Vaults:4 | Identified the cursed +1 scale mail "Ycri" {rF- Dex+6} (You
                  | found it on level 4 of the Vaults)
 47893 | Vaults:4 | Found a roughly hewn altar of Beogh.
 48179 | Elf:1    | Entered Level 1 of the Elven Halls
 48311 | Elf:1    | Received a gift from Okawaru
 48503 | Elf:1    | Found Ohagrat's Jewellery Boutique.
 48657 | Elf:1    | Identified the Handbook of Attacks
 48657 | Elf:1    | Received a gift from Okawaru
 49480 | Elf:2    | Reached XP level 23. HP: 150/158 MP: 30/30
 49794 | Elf:2    | Found Niaczatu's Armour Shoppe.
 50018 | Elf:2    | Identified the cursed +3 scimitar of the Desolation of Salt
                  | {slice, rElec Str+2}
 50033 | Elf:2    | Received a gift from Okawaru
 50063 | Elf:2    | Found a huge runed translucent gate.
 50063 | Elf:2    | Found a huge runed translucent gate.
 50063 | Elf:2    | Found a huge runed translucent gate.
 50063 | Elf:2    | Found a huge runed translucent gate.
 50064 | Elf:2    | Found a huge runed translucent gate.
 50233 | Elf:2    | Received a gift from Okawaru
 50658 | Elf:3    | Entered Level 3 of the Elven Halls
 50722 | Elf:3    | Received a gift from Okawaru
 51138 | Elf:3    | Reached XP level 24. HP: 147/164 MP: 30/30
 51290 | Elf:3    | Splashed by a deep elf sorcerer's acid

Skill      XL: |  1  2  3  4  5  6  7  8  9 10 11 12 13 14 15 16 17 18 19 20 21 22 23 |
---------------+----------------------------------------------------------------------+-----
Fighting       | 5 6 7 9 10 11 12 13 14 15 16 17 18 19 20 | 20.7
Maces & Flails | 4 5 6 8 9 10 11 12 13 14 15 16 17 | 17.3
Armour         | 5 7 9 10 11 12 13 14 15 16 17 18 19 | 19.7
Shields        | 5 7 9 10 11 12 13 14 15 16 17 18 19 | 19.7
Invocations    | 2 5 8 9 10 | 10.0
Dodging        | 3 5 6 7 8 |  8.4
Throwing       | 3 6 8 10 | 10.4

Action                   |  1- 3 |  4- 6 |  7- 9 | 10-12 | 13-15 | 16-18 | 19-21 | 22-24 || total
-------------------------+-------+-------+-------+-------+-------+-------+-------+-------++-------
Melee: Flail             |   102 |    34 |       |       |       |       |       |       ||   136
       Mace              |       |    95 |   200 |       |       |       |       |       ||   295
       Whip              |       |       |   161 |   766 |  1571 |  2167 |  2606 |   950 ||  8221
       Morningstar       |       |       |       |    83 |       |       |    68 |       ||   151
Invok: Heroism           |       |       |       |     1 |       |       |       |       ||     1
 Abil: Fly               |       |       |       |       |       |     1 |       |       ||     1
       Stop Flying       |       |       |       |       |       |       |     1 |       ||     1
  Use: Scroll            |     7 |     1 |     9 |     6 |    13 |     4 |     2 |     1 ||    43
       Potion            |     2 |       |       |       |       |     3 |       |     1 ||     6
 Stab: Distracted        |       |       |       |     1 |       |       |       |       ||     1
       Petrified         |       |       |       |     6 |       |       |       |       ||     6
       Sleeping          |       |       |       |     1 |       |       |       |       ||     1
  Eat: Chunk             |     1 |     6 |    13 |    13 |    31 |    17 |    30 |    11 ||   122
       Ration            |       |       |       |     2 |     1 |     5 |     3 |     1 ||    12
Armor: Scale mail        |    53 |    76 |    70 |     5 |   538 |   523 |       |       ||  1265
       Chain mail        |       |       |   111 |   305 |       |       |       |       ||   416
       Plate armour      |       |       |       |    49 |     9 |    83 |   791 |   222 ||  1154
       Swamp dragon scal |       |       |       |    20 |       |       |       |       ||    20
Dodge: Dodged            |    44 |    41 |    98 |   159 |   292 |   451 |   494 |   146 ||  1725
Block: Shield            |    61 |    58 |    31 |    23 |   752 |  1440 |  1735 |   515 ||  4615
       Buckler           |       |       |    80 |   152 |       |       |       |       ||   232
       Reflection        |       |       |       |       |     5 |   199 |   125 |    43 ||   372
